AoeStats
← tim.kha.sunshine

Nomad

510732148Analyzed
2v2 RM · 22h ago on Oct 2, 2026· 46m 49s· 4 players
Game mode
Random Map
Map size
176×176
Population
200
Speed
Normal
Resources
Standard
Victory
Conquest
Starting age
Dark Age
Ending age
Imperial Age
RankedLock teamsTeams togetherTeam positionsShared explorationLock speedFull tech treeHidden civsTurbo modeCheats
Victory
Defeat
🇦🇺 Celts · Australia
1007
+13
🇳🇿 Japanese · New Zealand
875
+18
🇷🇺 Byzantines · Russia
949
-46
🇧🇷 Tupi · Brazil
914
-15
Vemnimim
5:47 Loom
6:44 Loom
16:49 Feudal Age
21:08 Castle Age
19:26 Double-Bit Axe
19:43 Gold Mining
19:45 Stone Mining
19:41 Champi Runner
20:24 Horse Collar
21:22 Fishing Lines
23:09 Heavy Plow
29:52 Gold Shaft Mining
30:38 Wheelbarrow
30:49 Arson
31:17 Champi Warrior
32:25 Fletching
33:00 Forging
33:14 Scale Mail Armor
35:57 Imperial Age
34:30 Hand Cart
35:04 Pikeman
37:09 Conscription
36:43 Town Watch
38:32 Hoardings
tim.kha.sunshine
7:05 Loom
23:26 Feudal Age
24:51 Wheelbarrow
24:10 Fishing Lines
24:33 Horse Collar
26:17 Man-at-Arms
27:20 Double-Bit Axe
39:38 Castle Age
38:55 Fletching
40:30 Heavy Plow
39:56 Long Swordsman
40:01 Pikeman
40:40 Bodkin Arrow
40:59 Forging
41:09 Hand Cart
44:50 Padded Archer Armor
45:17 Bow Saw
45:08 Stone Mining
Shearerofnews
5:14 Loom
20:28 Feudal Age
20:49 Man-at-Arms
30:17 Castle Age
31:12 Fletching
32:09 Crossbowman
32:54 Thumb Ring
34:30 Bodkin Arrow
34:36 Padded Archer Armor
35:55 Double-Bit Axe
39:40 Wheelbarrow
39:18 Bow Saw
39:08 Gold Mining
45:04 Imperial Age
Hot Footy
16:38 Feudal Age
18:10 Wheelbarrow
17:24 Double-Bit Axe
23:26 Castle Age
23:37 Gold Mining
23:37 Stone Mining
23:30 Horse Collar
24:28 Hand Cart
24:34 Bow Saw
24:26 Heavy Plow
25:08 Gold Shaft Mining
25:56 Loom
30:27 Stone Shaft Mining
34:01 Pikeman
37:14 Imperial Age
35:08 Caravan
37:04 Scale Mail Armor
37:15 Forging
38:11 Chain Mail Armor
40:06 Iron Casting
40:01 Plate Mail Armor
43:52 Onager
44:45 Furor Celtica
45:49 Elite Woad Raider
46:22 Arson
Connection lost

Rejoining the realm…

Still unreachable

The connection could not be restored.

Session expired

The server has moved on; the page needs a fresh start.